 Dungeon Crawl Stone Soup version 0.28.0-53-g5a82cb258f (webtiles) character file.

Game seed: 3191242325200190806

522 pkoi the Gusty (level 6, -3/45 HPs)
             Began as a Demigod Air Elementalist on May 20, 2022.
             Slain by an unseen horror (10 damage)
             ... on level 7 of the Dungeon on May 21, 2022.
             The game lasted 00:07:02 (5144 turns).

pkoi the Gusty (Demigod Air Elementalist)           Turns: 5144, Time: 00:07:03

Health: -3/45      AC:  2    Str:  9    XL:     6   Next: 70%
Magic:  4/13       EV: 12    Int: 25    God:
Gold:   217        SH:  0    Dex: 14    Spells: 3/11 levels left

rFire   + . .      SeeInvis .   c - +0 dagger
rCold   . . .      Faith    .   (no shield)
rNeg    . . .      Spirit   .   a - +0 robe
rPois   .          Reflect  .   (no helmet)
rElec   .          Harm     .   (no cloak)
rCorr   .          Rampage  .   (no gloves)
Will    .....                   (no boots)
Stlth   ++........              (no amulet)
HPRegen 0.15/turn               b - ring of protection from fire
MPRegen 0.13/turn               (no ring)

@: no status effects
A: high MP 1, forlorn, divine attributes
a: no special abilities


You were on level 7 of the Dungeon.
You visited 1 branch of the dungeon, and saw 5 of its levels.

You collected 217 gold pieces.

Inventory:

Hand Weapons
 c - a +0 dagger (weapon)
Missiles
 d - 3 poisoned darts
Armour
 a - a +0 robe (worn)
Jewellery
 b - a ring of protection from fire (left hand)
 f - a ring of fire
Scrolls
 e - a scroll of holy word {unknown}
 g - 3 scrolls of identify {unknown}
 h - a scroll of silence {unknown}
 j - 2 scrolls of enchant weapon {unknown}
 k - 2 scrolls of teleportation {unknown}


   Skills:
 - Level 1.7 Dodging
 - Level 1.7 Stealth
 + Level 3.0 Spellcasting
 - Level 3.0 Conjurations
 * Level 5.3 Air Magic
 + Level 2.5 Poison Magic


You had 3 spell levels left.
You knew the following spells:

 Your Spells              Type           Power      Damage    Failure   Level
a - Shock                 Conj/Air       96%        1d9       1%          1
b - Static Discharge      Conj/Air       24%        N/A       2%          2
c - Poisonous Vapours     Pois/Air       46%        N/A       3%          2
d - Swiftness             Air            30%        N/A       3%          3

Your spell library contained the following spells:

 Spells                   Type           Power      Damage    Failure   Level
 Corpse Rot               Necr/Air       34%        N/A       4%          2
 Slow                     Hex            12%        N/A       10%         1
 Confusing Touch          Hex            3%         N/A       30%         3
 Vampiric Draining        Necr           3%         2d6       30%         3
 Airstrike                Air            15%        N/A       11%         4


Dungeon Overview and Level Annotations

Branches:
Dungeon (4/15)
 Temple: D:4-7


Innate Abilities, Weirdness & Mutations

You have an increased reservoir of magic. (+10% MP)
You shall have no god before yourself.
Your divine heritage dramatically boosts your attributes as you level up.


Message History

Casting: Shock (safe; 1% risk of failure)
Confirm with . or Enter, or press ? or * to list all spells.
You miscast Static Discharge.
You are very lightly contaminated with residual magic.
Nothing appears to happen.
Something hits you!
* * * LOW HITPOINT WARNING * * *
Unknown command.
It was a potion of heal wounds.
You feel much better. Something barely misses you.
Casting: Static Discharge (safe; 2% risk of failure)
Confirm with . or Enter, or press ? or * to list all spells.
Aiming: Shock (safe; 1% risk of failure)
Press: ? - help, Shift-Dir - straight line, f - you Something hits you.
* * * LOW HITPOINT WARNING * * *
Casting: Shock (safe; 1% risk of failure)
Confirm with . or Enter, or press ? or * to list all spells.
Aiming: Shock (safe; 1% risk of failure)
Press: ? - help, Shift-Dir - straight line, f - you Something hits you!
* * * LOW HITPOINT WARNING * * *
Casting: Shock (safe; 1% risk of failure)
Confirm with . or Enter, or press ? or * to list all spells.
Aiming: Shock (safe; 1% risk of failure)
Press: ? - help, Shift-Dir - straight line, f - you The zap hits something but does no damage.
Something hits you.
* * * LOW HITPOINT WARNING * * *
Casting: Shock (safe; 1% risk of failure)
Confirm with . or Enter, or press ? or * to list all spells.
Aiming: Shock (safe; 1% risk of failure)
Press: ? - help, Shift-Dir - straight line, f - you Something hits you.
* * * LOW HITPOINT WARNING * * *
Sorry, you're not good enough to have a special ability.
Something hits you.
* * * LOW HITPOINT WARNING * * *
Your magical contamination has completely faded away.
Something hits you!
You die...

.# ....#.# ..###
<...#.# ......
.....#
..(###...#####..#
#...............#
.#.###....###...#
..........# #...#
.#.###.#..###...####
.#.#............@..#
..........###.#{####
.#.#..........#.#
................#
.........########
................
#######..######.
#..# #..#


There were no monsters in sight!

Vanquished Creatures
  A water moccasin (D:3)
  An ice beast (D:7)
  An ogre (D:7)
  An orc priest (D:3)
  2 orc wizards
  Natasha (thrice) (D:2)
  3 adders
  3 dart slugs
  5 orcs (D:3)
  7 ball pythons
  6 endoplasms
  4 giant cockroaches
  2 goblins
  5 hobgoblins
  3 jackals (D:2)
  5 bats
  6 frilled lizards
  3 kobolds
  5 rats
66 creatures vanquished.

Notes
Turn   | Place    | Note
-------+----------+-------------------------------------------
     0 | D:1      | pkoi the Demigod Air Elementalist began the quest for the
                  | Orb.
     0 | D:1      | Reached XP level 1. HP: 14/14 MP: 5/5
    32 | D:1      | Reached skill level 1 in Conjurations
   359 | D:1      | Reached skill level 3 in Air Magic
   572 | D:1      | Reached XP level 2. HP: 18/20 MP: 1/7
  1240 | D:2      | Noticed Natasha
  1246 | D:2      | Killed Natasha
  1247 | D:2      | Reached XP level 3. HP: 22/26 MP: 1/8
  1300 | D:2      | Learned a level 2 spell: Static Discharge
  1303 | D:2      | Learned a level 2 spell: Poisonous Vapours
  1621 | D:2      | Noticed Natasha
  1626 | D:2      | Killed Natasha
  1627 | D:2      | Reached XP level 4. HP: 33/33 MP: 3/9
  2814 | D:2      | Noticed Natasha
  2824 | D:2      | Killed Natasha
  3210 | D:3      | Reached skill level 4 in Air Magic
  3210 | D:3      | Reached skill level 1 in Poison Magic
  3777 | D:3      | Reached XP level 5. HP: 38/38 MP: 6/11
  4315 | D:4      | Noticed a water moccasin
  4326 | D:3      | Killed a water moccasin
  4327 | D:3      | Reached XP level 6. HP: 10/45 MP: 1/12
  4660 | D:3      | Learned a level 3 spell: Swiftness
  4864 | D:4      | You fall into a shaft and drop 3 floors!
  4884 | D:7      | Reached skill level 5 in Air Magic
  5137 | D:7      | HP: 1/45 [something (9)]
  5144 | D:7      | Slain by an unseen horror

Illustrated notes

Levels and vault maps discovered:
D:1:      evilmike_arrival_crescent, layout_rooms, ebering_ecumenical_altar_box,
          minmay_fountain_box, grunt_decor_junction
D:2:      layout_basic, chequers_serial_rivers_room_b, uniq_natasha
D:3:      layout_rooms, amcnicky_altar_gilded
D:4:      kennysheep_the_goblin_king, layout_gridville, minmay_fractal_squares_5
D:7:      layout_basic, mainiacjoe_overflow_chevrons,
          minmay_temple_entry_stoned_glass, minivault_27, minmay_the_grid_2x2
          [minmay_the_grid_doors, minmay_the_grid_pillar_ring,
          minmay_the_grid_spikes, minmay_the_grid_prize_big_room],
          uniq_crazy_yiuf_cottage

Skill      XL: |  1  2  3  4  5  6 |
---------------+-------------------+-----
Conjurations   | 1 2 3 |  3.0
Air Magic      | 3 4 5 |  5.3
Spellcasting   | 2 3 |  3.0
Poison Magic   | 1 2 |  2.5
Dodging        | |  1.7
Stealth        | |  1.7

Action                   |  1- 3 |  4- 6 || total
-------------------------+-------+-------++-------
Melee: Dagger            |    10 |    10 ||    20
 Cast: Shock             |    63 |    92 ||   155
       Static Discharge  |       |     5 ||     5
       Poisonous Vapours |       |     4 ||     4
  Use: Potion            |       |     1 ||     1
Armor: Robe              |     5 |     4 ||     9
Dodge: Dodged            |    18 |    18 ||    36
